 Dungeon Crawl Stone Soup version 0.17-a0-2158-g6d76252 (webtiles) character file.

3644 Hedron the Martial Artist (level 10, -10/65 HPs)
             Began as an Octopode Monk on Oct 25, 2015.
             Was a Priest of Cheibriados.
             Killed from afar by Erica the shock serpent (12 damage)
             ... with an electric aura
             ... on level 8 of the Dungeon.
             The game lasted 00:20:25 (7333 turns).

Hedron the Martial Artist (Octopode Monk)           Turns: 7333, Time: 00:20:25

Health: -10/65     AC:  1    Str: 20    XL:     10   Next: 12%
Magic:  12/12      EV: 13    Int: 20    God:    Cheibriados [***...]
Gold:   268        SH: 11    Dex: 22    Spells: 0 memorised, 9 levels left

rFire  + + .     SeeInvis .       - Unarmed
rCold  + + .     Clarity  .     u - +1 shield
rNeg   . . .     SustAt   +     (helmet restricted)
rPois  +         Gourm    .     v - amulet of regeneration
rElec  +         Spirit   .     e - ring of protection from cold
rCorr  +         Warding  .     c - ring of sustain attributes
rMut   .         Stasis   .     (no ring)
MR     .....                    (no ring)
Stlth  +++++.....               (no ring)
                                (no ring)
                                (no ring)
                                (no ring)

@: resistant, very slow, not resistant to hostile enchantments, quite stealthy
A: almost no armour, amphibious, 8 rings, constrict 8, camouflage 1, fire
resistance 1, gelatinous body 1
a: Bend Time, Temporal Distortion, Renounce Religion


You were on level 8 of the Dungeon.
You worshipped Cheibriados.
Cheibriados was most pleased with you.
You were not hungry.

You visited 1 branch of the dungeon, and saw 8 of its levels.

You collected 268 gold pieces.

Inventory:

Hand Weapons
 C - the +1 war axe of Cufuise {flame, rPois}
   (You found it on level 7 of the Dungeon)

   It has been specially enchanted to burn those struck by it, causing extra
   injury to most foes and up to half again as much damage against particularly
   susceptible opponents.
   Big, fiery blades are also staple armaments of hydra-hunters.
   It protects you from poison.
Missiles
 m - 6 javelins (quivered)
 F - 14 poisoned needles
Armour
 u - a +1 shield (worn)
Jewellery
 c - a ring of sustain attributes (right tentacle)
 e - a ring of protection from cold (left tentacle)
 r - an uncursed amulet of resist corrosion
 v - an amulet of regeneration (around mantle)
 y - an uncursed amulet of stasis
Wands
 g - a wand of teleportation (4)
 w - a wand of polymorph (6)
 A - a wand of digging (15)
 D - a wand of digging (6)
 E - a wand of fire (9)
Scrolls
 i - 2 scrolls of teleportation
 k - a scroll of remove curse
 n - a scroll of enchant weapon
 t - 2 scrolls of recharging
Potions
 b - 2 potions of agility
 h - a potion of might
 o - a potion of ambrosia
 p - 2 potions of curing
 s - a potion of magic
 x - a potion of brilliance
 z - a potion of cure mutation
Comestibles
 a - 3 bread rations
 d - 2 beef jerkies
 f - 3 meat rations
 j - 6 fruits
 l - a slice of pizza
 B - 6 chunks of flesh


   Skills:
 + Level 4.6 Fighting
 + Level 4.5 Dodging
 + Level 5.2 Stealth
 + Level 3.0 Shields
 * Level 12.3 Unarmed Combat
 + Level 3.7 Invocations


You had 9 spell levels left.
You didn't know any spells.

Dungeon Overview and Level Annotations

Branches:
Dungeon (8/15)             Temple (0/1) D:6
   Lair: D:8-11

Altars:
Cheibriados
Okawaru
Ru
Yredelemnul
The Shining One

Annotations:
D:8 Erica


Innate Abilities, Weirdness & Mutations

You cannot wear most types of armour.
You are amphibious.
You can wear up to eight rings at the same time.
You can use your tentacles to constrict eight enemies at once.
Your skin changes colour to match your surroundings (Stealth).
Your rubbery body absorbs attacks (AC +1).
Your flesh is heat resistant.


Message History

* * * LOW HITPOINT WARNING * * *
Erica shocks you. You resist.
* * * LOW HITPOINT WARNING * * *
Your shield prevents you from hitting Erica.
You grab Erica.
Erica is lightly wounded.
You constrict Erica.
Erica shoots out a bolt of lightning at you!
The bolt of electricity hits you! You resist.
* * * LOW HITPOINT WARNING * * *
The bolt of electricity hits you! You resist.
* * * LOW HITPOINT WARNING * * *
The bolt of electricity hits Erica.
Erica completely resists.
You tentacle-slap Erica. You squeeze Erica!
Erica is moderately wounded.
You constrict Erica. Erica barely misses you.
You bludgeon Erica!
Your tentacle-slap misses Erica.
You squeeze Erica.
Erica is heavily wounded.
Erica's electric aura discharges!
The lightning shocks you.
You die...

#.##.# #.#.#
#.##.#####.#.#
#.##.#.....#.# ..
...........#.###....
....................
#.##.......#.###### #
#.##..####.#.# #####.###
#.#...####.#.###........
................@..?....
#.#....###....#..S.##...
#.#....##..##...##..#
#..# ##.## #).# #.# #+#
#.# #. ... [ #.. #.


You could see Erica the shock serpent.

Vanquished Creatures
  The ghost of ldierk the Cleaver, a novice HOFi of Qazlal (D:7)
  Joseph (D:7)
  Grinder (D:5)
  Eustachio (D:4)
  A hippogriff (D:3)
  A water moccasin (D:7)
  A sky beast (D:5)
  An ice beast (D:7)
  A necrophage (D:6)
  A black bear (D:8)
  A phantom (D:4)
  2 ogres (D:6)
  A centaur (D:5)
  Blork the orc (D:5)
  4 giant frogs
  A wyvern zombie (D:7)
  A water moccasin zombie (D:8)
  2 scorpions
  A centaur zombie (D:8)
  3 crimson imps
  7 hounds
  4 orc wizards
  An orc priest (D:7)
  3 iguanas
  2 jellies
  A giant frog skeleton (D:6)
  A gnoll shaman (D:5)
  Natasha (D:4)
  2 worker ants
  A hound skeleton (D:6)
  A worker ant zombie (D:5)
  13 adders
  6 gnolls
  3 shadow imps
  4 adder skeletons
  A worm (D:3)
  5 giant geckos
  21 orcs
  3 giant cockroaches
  11 hobgoblins
  10 jackals
  6 quokkas
  8 bats
  5 giant newts
  7 goblins
  12 kobolds
  A quokka zombie (D:7)
  4 rats
171 creatures vanquished.

Vanquished Creatures (others)
  2 orcs (D:3)
2 creatures vanquished.

Grand Total: 173 creatures vanquished

Notes
Turn   | Place    | Note
--------------------------------------------------------------
     0 | D:1      | Hedron the Octopode Monk began the quest for the Orb.
     0 | D:1      | Reached XP level 1. HP: 16/16 MP: 1/1
     0 | D:1      | Noticed an iron dragon
     1 | D:1      | Noticed a large abomination
     6 | D:1      | Noticed a shadow dragon
     7 | D:1      | Noticed a red draconian
     8 | D:1      | Noticed an iron dragon
    10 | D:1      | Noticed an ice dragon
    10 | D:1      | Noticed an ice dragon
    12 | D:1      | Noticed an iron dragon
    14 | D:1      | Noticed a purple draconian
    16 | D:1      | Noticed an iron dragon
    16 | D:1      | Noticed an iron dragon
    16 | D:1      | Noticed a tentacled monstrosity
    18 | D:1      | Noticed a large abomination
    18 | D:1      | Noticed a tentacled monstrosity
    20 | D:1      | Noticed a large abomination
   327 | D:1      | Reached XP level 2. HP: 14/21 MP: 2/2
   752 | D:1      | Reached XP level 3. HP: 18/26 MP: 3/3
   963 | D:2      | Reached skill level 5 in Unarmed Combat
  1288 | D:2      | Reached XP level 4. HP: 29/31 MP: 4/4
  1936 | D:2      | Gained mutation: Your flesh is heat resistant. [potion of beneficial mutation]
  2058 | D:3      | Reached skill level 6 in Unarmed Combat
  2388 | D:3      | Reached XP level 5. HP: 34/36 MP: 5/5
  2423 | D:3      | Found a sacrificial altar of Ru.
  2467 | D:3      | Noticed a hippogriff
  2476 | D:3      | Killed a hippogriff
  2476 | D:3      | Reached skill level 7 in Unarmed Combat
  2476 | D:3      | Reached XP level 6. HP: 14/42 MP: 6/6
  2999 | D:3      | Found a glowing golden altar of the Shining One.
  3001 | D:3      | Noticed an angel
  3029 | D:3      | Found a basalt altar of Yredelemnul.
  3031 | D:3      | Noticed a profane servitor
  3388 | D:4      | Reached skill level 8 in Unarmed Combat
  3535 | D:4      | Found an iron altar of Okawaru.
  3600 | D:4      | Noticed Eustachio
  3610 | D:4      | Killed Eustachio
  3610 | D:4      | Reached XP level 7. HP: 42/46 MP: 7/7
  4017 | D:4      | Noticed Natasha
  4024 | D:4      | Killed Natasha
  4024 | D:4      | Reached skill level 9 in Unarmed Combat
  4435 | D:5      | Entered Level 5 of the Dungeon
  4593 | D:5      | Reached XP level 8. HP: 38/52 MP: 8/8
  4636 | D:5      | Reached skill level 10 in Unarmed Combat
  4837 | D:5      | Noticed Blork the orc
  4848 | D:5      | Killed Blork the orc
  4876 | D:5      | Noticed Grinder
  4888 | D:5      | Killed Grinder
  4888 | D:5      | Reached skill level 11 in Unarmed Combat
  5278 | D:6      | Found a snail-covered altar of Cheibriados.
  5343 | D:6      | Became a worshipper of Cheibriados the Contemplative
  5343 | D:6      | Reached * piety under Cheibriados
  5343 | D:6      | Reached ** piety under Cheibriados
  5360 | D:6      | Reached XP level 9. HP: 50/56 MP: 9/9
  5530 | D:6      | Reached skill level 1 in Shields
  5620 | D:6      | Found a staircase to the Ecumenical Temple.
  5758 | D:6      | Reached skill level 1 in Invocations
  6355 | D:7      | Got an ichor-stained war axe
  6356 | D:7      | Identified the cursed +1 war axe of Cufuise {flame, rPois} (You found it on level 7 of the Dungeon)
  6371 | D:7      | Noticed ldierk's ghost (novice HOFi)
  6413 | D:7      | Killed ldierk's ghost
  6619 | D:7      | Reached *** piety under Cheibriados
  6673 | D:7      | Reached skill level 12 in Unarmed Combat
  6784 | D:7      | Noticed Joseph
  6792 | D:7      | Killed Joseph
  6853 | D:7      | Reached skill level 5 in Stealth
  6886 | D:7      | Reached XP level 10. HP: 65/65 MP: 12/12
  7250 | D:8      | Noticed Maurice
  7252 | D:8      | Noticed Maurice
  7252 | D:8      | Maurice changed into Maurice the black bear
  7257 | D:8      | Killed Maurice the black bear
  7323 | D:8      | Noticed Erica
  7328 | D:8      | Noticed Erica
  7328 | D:8      | Erica changed into Erica the shock serpent
  7331 | D:8      | HP: 1/65 [Erica the shock serpent/bolt of electricity (5)]
  7333 | D:8      | Killed from afar by Erica the shock serpent

Vault maps used:
D:1:      shiori_arrival_whats_in_store_for_you, serial_bayou_pond_a
D:2:      minmay_misc_feat_plants
D:3:      grunt_temple_overflow_holy_war, old_standard_altar
D:4:      okawaru_metal_pillars_1_2, first_bread, uniq_eustachio, uniq_natasha
D:5:      lemuel_ice_spiral_2, uniq_grinder, uniq_blork_the_orc
D:6:      temple_fountains, basic_altar, minmay_door_square
D:7:      uniq_joseph
D:8:      kennysheep_mini_moat, hangedman_little_slice_of_home,
          nemelex_lonely_heart_becter, uniq_prince_ribbit1, uniq_erica,
          uniq_maurice

Action                   |  1- 3 |  4- 6 |  7- 9 | 10-12 || total
-------------------------+-------+-------+-------+-------++-------
Melee: Unarmed           |    70 |   122 |   223 |    31 ||   446
Throw: Stone             |       |     1 |       |       ||     1
Evoke: Wand              |       |       |       |     5 ||     5
  Use: Scroll            |     1 |     7 |    14 |     3 ||    25
       Potion            |       |     2 |     1 |     1 ||     4
 Stab: Sleeping          |    11 |    14 |    22 |     1 ||    48
       Distracted        |       |       |     2 |       ||     2
  Eat: Chunk             |     1 |     7 |    11 |       ||    19
